 Dungeon Sprint DCSS version 0.31-a0-981-geadf994542 (webtiles) character file.

Game seed: 13611881202326573643

88 fozzywoppz the Trooper (level 4, 0/47 HPs)
             Began as a Minotaur Fighter on Nov 2, 2023.
             Was an Initiate of Okawaru.
             Slain by a vampire (7 damage)
             ... in the Dungeon (Sprint IX: "|||||||||||||||||||||||||||||").
             The game lasted 00:02:16 (269 turns).

fozzywoppz the Trooper (Minotaur Fighter)            Turns: 269, Time: 00:02:16

Health: 0/47       AC: 18    Str: 21    XL:     4   Next: 30%
Magic:  3/3        EV: 10    Int:  5    God:    Okawaru [......]
Gold:   0          SH:  0    Dex: 14    Spells: 3/3 levels left

rFire   . . .        b - +2 dire flail (protect)
rCold   . . .        (shield currently unavailable)
rNeg    . . .        q - +2 ring mail
rPois   .            (helmet restricted)
rElec   .            (no cloak)
rCorr   .            p - +0 pair of gloves
SInv    .            (no boots)
Will    .....        (no amulet) Stlth
                     n - +2 ring of protection
HPRegen 0.27/turn    o - +3 ring of dexterity
MPRegen 0.08/turn

%: no teleportation
@: confused, mighty, under a protective aura
A: horns 2, retaliatory headbutt
a: Renounce Religion


You were in the Dungeon.
You worshipped Okawaru.
Okawaru was noncommittal.
You visited 1 branch

Inventory:

Hand Weapons
 b - a +2 dire flail of protection (weapon)
Armour
 c - a +0 buckler
 p - a +0 pair of gloves (worn)
 q - a +2 ring mail (worn)
Jewellery
 n - a +2 ring of protection (left hand)
 o - a +3 ring of dexterity (right hand)
Wands
 m - a wand of light (8)
Scrolls
 j - 2 scrolls of blinking
 l - 2 scrolls of amnesia
Potions
 e - 5 potions of curing
 f - 2 potions of heal wounds
 g - a potion of haste
 h - 4 potions of magic
 i - a potion of berserk rage
 k - a potion of invisibility


   Skills:
 + Level 7.4 Fighting
 + Level 6.7 Maces & Flails
 - Level 5.0 Armour
 - Level 5.0 Shields
 + Level 0.0 Invocations


You had 3 spell levels left.
You didn't know any spells.
Your spell library was empty.

Dungeon Overview and Level Annotations

Branches:
Dungeon (1/1)

Altars:
Cheibriados
Dithmenos
Elyvilon
Fedhas
Gozag
Hepliaklqana
Kikubaaqudgha
Makhleb
Nemelex Xobeh
Okawaru
Qazlal
Ru
Sif Muna
Trog
Uskayaw
Vehumet
Wu Jian
Xom
Yredelemnul
Zin
The Shining One
Jiyva
Lugonu


Innate Abilities, Weirdness & Mutations

You have a pair of horns on your head.
You reflexively headbutt those who attack you in melee.


Message History

You feel much better.
The centaur shoots an arrow.
The arrow barely misses the vampire.
The arrow barely misses you. The vampire hits you.
The vampire bites you but does no damage.
The centaur shoots an arrow.
The arrow hits the vampire but does no damage.
You barely miss the vampire.
The vampire is heavily damaged.
The vampire hits you but does no damage.
The vampire bites you but does no damage.
You barely miss the vampire.
The vampire is heavily damaged.
The vampire hits you but does no damage.
The vampire bites you!
The vampire draws strength from your injuries!
You feel very mighty all of a sudden.
The vampire hits you but does no damage.
The vampire barely misses you.
You sock the vampire!
Your weapon exudes an aura of protection.
The vampire is severely damaged.
The vampire points at you and mumbles some strange words.
You are confused.
Unknown command.
You bump into the unnaturally hard rock wall.
The vampire gestures wildly while chanting.
The vampire flickers and vanishes!
Deactivating autopickup; reactivate with Ctrl-A.
Unknown command.
You bump into the unnaturally hard rock wall.
Something draws life force from you!
You closely miss something. Your headbutt misses something. Something hits you!
Something bites you!
* * * LOW HITPOINT WARNING * * *
Something draws strength from your injuries!
Unknown command.
You hit something.
Your weapon exudes an aura of protection.
The komodo dragon is no longer blind.
Something hits you!
You die... ▓▓▓▓▓▓▓▓▓▓▓▓▓▓▓▓▓▓▓▓▓▓▓▓ _______'..)..[[.@{clToD. ▓▓▓▓▓▓▓▓▓▓▓▓▓▓▓▓▓▓▓▓▓▓▓▓

You could see a komodo dragon, a troll, an orc warrior (blind), an acid dragon and a centaur (blind).

Vanquished Creatures
  A hound (D)
  An iguana (D)
  2 adders (D)
  A white imp (D)
  A dart slug (D)
  A bat (D)
  2 hobgoblins (D)
  A quokka (D)
10 creatures vanquished.

Notes
Turn   | Place    | Note
-------+----------+-------------------------------------------
     0 | D        | fozzywoppz the Minotaur Fighter began the quest for the
                  | Orb.
     0 | D        | Reached XP level 1. HP: 19/19 MP: 0/0
     8 | D        | Reached skill level 4 in Fighting
    11 | D        | Reached XP level 2. HP: 28/28 MP: 1/1
    22 | D        | Reached skill level 5 in Fighting
    22 | D        | Reached skill level 5 in Armour
    22 | D        | Reached skill level 5 in Shields
    22 | D        | Reached XP level 3. HP: 8/36 MP: 2/2
    24 | D        | Reached skill level 6 in Fighting
    24 | D        | Reached skill level 5 in Maces & Flails
    26 | D        | Reached XP level 4. HP: 11/45 MP: 3/3
    28 | D        | Reached skill level 7 in Fighting
   160 | D        | Found a snail-covered altar of Cheibriados.
   160 | D        | Found a shadowy altar of Dithmenos.
   160 | D        | Found a white marble altar of Elyvilon.
   160 | D        | Found a blossoming altar of Fedhas.
   160 | D        | Found an opulent altar of Gozag.
   161 | D        | Found a hazy altar of Hepliaklqana.
   162 | D        | Found a viscous altar of Jiyva.
   163 | D        | Found an ancient bone altar of Kikubaaqudgha.
   164 | D        | Found a corrupted altar of Lugonu.
   165 | D        | Found a burning altar of Makhleb.
   166 | D        | Found a sparkling altar of Nemelex Xobeh.
   167 | D        | Found an iron altar of Okawaru.
   168 | D        | Found a stormy altar of Qazlal.
   169 | D        | Found a sacrificial altar of Ru.
   170 | D        | Found a shimmering blue altar of Sif Muna.
   171 | D        | Found a bloodstained altar of Trog.
   172 | D        | Found a hide-covered altar of Uskayaw.
   173 | D        | Found a radiant altar of Vehumet.
   174 | D        | Found an ornate altar of the Wu Jian Council.
   175 | D        | Found a shimmering altar of Xom.
   177 | D        | Became a worshipper of Warmaster Okawaru
   179 | D        | Found a basalt altar of Yredelemnul.
   180 | D        | Found a glowing silver altar of Zin.
   181 | D        | Found a glowing golden altar of the Shining One.
   257 | D        | Noticed a centaur
   257 | D        | Noticed a vampire
   257 | D        | Noticed an orc warrior
   257 | D        | Noticed a komodo dragon
   257 | D        | Noticed a troll
   257 | D        | Noticed an acid dragon
   269 | D        | Slain by a vampire

Illustrated notes

Levels and vault maps discovered:
D:        linesprint [early_d, line_temple, items_1, d_10, items_2, lair_1,
          lair_end, items_3, orc_1, orc_end, items_4, d_15, swamp_1, shoals_1,
          snake_1, spider_1, d_20, vaults_1, items_5, swamp_end, shoals_end,
          snake_end, spider_end, vaults_end, d_27, items_6, zot_1, zot_end,
          crypt_end, forest_end, elf_end, slime_end, tomb_end, abyss_end,
          pan_hell_end]

Skill      XL: |  1  2  3  4 |
---------------+-------------+-----
Fighting       | 4 5 6 7 |  7.4
Armour         | 4 5 |  5.0
Shields        | 4 5 |  5.0
Maces & Flails | 3 4 6 |  6.7

Action                     |  1- 3 |  4- 6 || total
---------------------------+-------+-------++-------
  Melee: Flail             |    15 |     3 ||    18
         Headbutt          |     6 |     1 ||     7
         Dire flail        |       |     6 ||     6
  Evoke: Wand              |       |     2 ||     2
    Use: Potion            |       |     2 ||     2
 Armour: Scale mail        |     8 |       ||     8
         Ring mail         |       |    13 ||    13
  Dodge: Dodged            |     3 |     5 ||     8
  Block: Buckler           |     3 |       ||     3

Table legend: (Time is in decaauts)
 A = Elapsed time spent in this place.
 B = Non-inter-level travel time spent in this place.
 C = Inter-level travel time spent in this place.
 D = Time resting spent in this place.
 E = Time spent auto-exploring this place.
 F = Levels seen in this place.
 G = Mean time per level.
                   A        B        C        D        E       F      G
               +--------+--------+--------+--------+--------+-----+--------+
         Total |    271 |    271 |      0 |    125 |      0 |   1 |  271.0 |
       Dungeon |    271 |    271 |      0 |    125 |      0 |   1 |  271.0 |
               +--------+--------+--------+--------+--------+-----+--------+

Top non-repeatable levels by time:
       D: 271 daAuts
